General information
- name: BNet
- type: Ladder team game (AT/RT)
- host: Battle.net
- saver: Spleen-
map: Mur'gulOasis
- players: 8
- length: 31:03
- speed: Fast
- version: 1.26 W3XP
- replay type: Public
» download(215 KB)
Players
team 1 (winner)

»
wesmoketrees (
blue | 58 APM | 1807 actions | 31:02)
10 Paladin
3 Holy Light
3 Divine Shield
3 Devotion Aura
1 Resurrection
» actions
| Assign group hotkey | 74 | |
| Build / train | 80 | |
| Enter build submenu | 23 | |
| Enter hero's abilities submenu | 11 | |
| Remove unit from queue | 7 | |
| Right click | 912 | |
| Select / deselect | 335 | |
| Select group hotkey | 241 | |
| Use ability | 123 | |
1807 total
» units
| Peasant | 8 | |
| Footman | 10 | |
| Makrura Deepseer | 1 | |
| Knight | 11 | |
| Spell Breaker | 7 | |
| Priest | 5 | |
42 total
» upgrades
| Defend | 1 | |
| Animal War Training | 1 | |
| Priest Training | 2 | |
4 total
» buildings
| Altar of Kings | 1 | |
| Farm | 14 | |
| Scout Tower | 2 | |
| Barracks | 2 | |
| Arcane Tower | 1 | |
| Arcane Vault | 1 | |
| Lumber Mill | 1 | |
| Keep | 1 | |
| Guard Tower | 1 | |
| Blacksmith | 1 | |
| Castle | 1 | |
| Arcane Sanctum | 1 | |
| Town Hall | 1 | |
28 total
» build order
00:21 Altar of Kings
00:31 Farm
00:33 Farm
00:36 Scout Tower
00:55 Barracks
01:54 Arcane Tower
01:57 Farm
02:11 Arcane Vault
02:26 Lumber Mill
02:43 Farm
02:44 Scout Tower
04:20 Keep
04:46 Guard Tower
06:20 Blacksmith
06:24 Farm
06:26 Farm
06:55 Castle
06:59 Barracks
08:34 Arcane Sanctum
08:41 Farm
08:44 Farm
12:49 Farm
12:50 Farm
13:28 Farm
13:29 Farm
13:32 Farm
14:33 Farm
27:23 Town Hall
» items
| Lesser Clarity Potion | 5 | |
| Scroll of Regeneration | 3 | |
| Scroll of Town Portal | 3 | |
| Orb of Fire | 1 | |
12 total
datsgud (
orange | 88 APM | 2718 actions | 31:02)
8 Lich
3 Frost Nova
3 Frost Armor
1 Death and Decay
1 Dark Ritual
» actions
| Assign group hotkey | 45 | |
| Basic commands | 9 | |
| Build / train | 69 | |
| Enter build submenu | 12 | |
| Enter hero's abilities submenu | 8 | |
| Give item / drop item | 2 | |
| Right click | 1076 | |
| Select / deselect | 319 | |
| Select group hotkey | 1060 | |
| Use ability | 118 | |
2718 total
» units
| Acolyte | 4 | |
| Ghoul | 9 | |
| Giant Sea Turtle | 5 | |
| Makrura Snapper | 6 | |
| Makrura Deepseer | 5 | |
| Mur'gul Snarecaster | 2 | |
| Gargoyle | 4 | |
| Frost Wyrm | 10 | |
45 total
» upgrades
| Cannibalize | 1 | |
| Unholy Strength | 2 | |
| Unholy Armor | 2 | |
| Freezing Breath | 1 | |
6 total
» buildings
| Crypt | 1 | |
| Ziggurat | 7 | |
| Altar of Darkness | 1 | |
| Graveyard | 1 | |
| Tomb of Relics | 1 | |
| Halls of the Dead | 1 | |
| Black Citadel | 1 | |
| Sacrificial Pit | 1 | |
| Boneyard | 2 | |
| Spirit Tower | 1 | |
17 total
» build order
00:10 Crypt
00:14 Ziggurat
00:35 Altar of Darkness
01:03 Ziggurat
01:17 Graveyard
01:44 Tomb of Relics
02:20 Ziggurat
03:08 Ziggurat
04:29 Halls of the Dead
08:49 Ziggurat
12:04 Black Citadel
12:09 Sacrificial Pit
14:33 Boneyard
14:35 Boneyard
15:50 Ziggurat
15:51 Ziggurat
16:41 Spirit Tower
» items
| Scroll of Regeneration | 1 | |
| Scroll of Town Portal | 3 | |
| Potion of Mana | 1 | |
| Scroll of Healing | 1 | |
6 total
Spleen- (
purple | 69 APM | 2148 actions | 31:03)
10 Blood Mage
3 Flame Strike
3 Siphon Mana
1 Summon Phoenix
3 Banish
» actions
| Assign group hotkey | 33 | |
| Basic commands | 85 | |
| Build / train | 111 | |
| Enter build submenu | 29 | |
| Enter hero's abilities submenu | 10 | |
| Give item / drop item | 2 | |
| Remove unit from queue | 1 | |
| Right click | 761 | |
| Select / deselect | 501 | |
| Select group hotkey | 489 | |
| Use ability | 125 | |
2148 total
» units
| Peasant | 16 | |
| Footman | 13 | |
| Gryphon Rider | 5 | |
| Dragonhawk Rider | 14 | |
| Siege Engine | 1 | |
49 total
» upgrades
| Defend | 1 | |
| Masonry | 3 | |
| Swords | 3 | |
| Animal War Training | 1 | |
| Storm Hammers | 1 | |
| Armor | 3 | |
| Cloud | 1 | |
| Lumber Harvesting | 1 | |
| Plating | 1 | |
| Barrage | 1 | |
16 total
» buildings
| Altar of Kings | 1 | |
| Farm | 8 | |
| Barracks | 1 | |
| Arcane Vault | 2 | |
| Scout Tower | 7 | |
| Arcane Tower | 1 | |
| Lumber Mill | 1 | |
| Guard Tower | 5 | |
| Keep | 4 | |
| Blacksmith | 1 | |
| Castle | 1 | |
| Gryphon Aviary | 2 | |
| Town Hall | 1 | |
| Workshop | 1 | |
36 total
» build order
00:03 Altar of Kings
00:06 Farm
00:27 Barracks
01:21 Farm
02:06 Farm
02:22 Arcane Vault
02:27 Scout Tower
02:55 Arcane Tower
03:08 Farm
04:17 Scout Tower
04:41 Lumber Mill
05:49 Guard Tower
06:43 Scout Tower
07:00 Keep
07:00 Keep
07:01 Keep
07:31 Farm
07:33 Guard Tower
08:19 Blacksmith
09:39 Castle
10:20 Gryphon Aviary
10:24 Gryphon Aviary
10:25 Farm
15:33 Farm
15:36 Farm
17:02 Town Hall
18:42 Scout Tower
18:44 Scout Tower
19:30 Guard Tower
20:03 Arcane Vault
20:13 Scout Tower
20:40 Guard Tower
21:00 Scout Tower
21:28 Guard Tower
28:27 Workshop
» items
| Scroll of Regeneration | 7 | |
| Boots of Speed | 1 | |
| Staff of Teleportation | 1 | |
| Periapt of Vitality | 1 | |
| Potion of Invisibility | 1 | |
| Lesser Clarity Potion | 2 | |
| Potion of Healing | 4 | |
| Scroll of Town Portal | 5 | |
| Scroll of Healing | 1 | |
23 total
nxy030569 (
yellow | 29 APM | 913 actions | 31:02)
8 Paladin
3 Holy Light
3 Divine Shield
1 Devotion Aura
1 Resurrection
4 Archmage
2 Summon Water Elemental
2 Blizzard
» actions
| Assign group hotkey | 4 | |
| Basic commands | 1 | |
| Build / train | 75 | |
| Enter build submenu | 25 | |
| Enter hero's abilities submenu | 11 | |
| Right click | 467 | |
| Select / deselect | 181 | |
| Select group hotkey | 76 | |
| Use ability | 73 | |
913 total
» units
| Peasant | 10 | |
| Footman | 4 | |
| Rifleman | 4 | |
| Priest | 2 | |
| Knight | 6 | |
| Gryphon Rider | 12 | |
38 total
» upgrades
| Swords | 1 | |
| Gunpowder | 2 | |
| Plating | 1 | |
| Priest Training | 1 | |
| Armor | 2 | |
| Lumber Harvesting | 1 | |
| Animal War Training | 1 | |
| Storm Hammers | 1 | |
10 total
» buildings
| Altar of Kings | 1 | |
| Farm | 12 | |
| Barracks | 1 | |
| Scout Tower | 4 | |
| Arcane Tower | 2 | |
| Blacksmith | 1 | |
| Arcane Vault | 1 | |
| Lumber Mill | 1 | |
| Keep | 1 | |
| Guard Tower | 2 | |
| Arcane Sanctum | 1 | |
| Gryphon Aviary | 2 | |
| Castle | 1 | |
30 total
» build order
00:23 Altar of Kings
00:40 Farm
00:54 Barracks
01:18 Farm
01:51 Farm
02:35 Scout Tower
02:47 Farm
03:07 Arcane Tower
03:13 Scout Tower
03:19 Farm
03:44 Blacksmith
03:47 Arcane Tower
03:58 Farm
04:13 Arcane Vault
04:32 Farm
06:03 Farm
06:09 Lumber Mill
06:18 Keep
06:57 Scout Tower
07:01 Scout Tower
07:34 Guard Tower
08:03 Guard Tower
08:51 Arcane Sanctum
10:34 Gryphon Aviary
10:36 Castle
12:12 Farm
13:15 Farm
14:09 Gryphon Aviary
18:27 Farm
21:18 Farm
» items
| Scroll of Town Portal | 1 | |
| Tome of Retraining | 1 | |
| Scroll of Regeneration | 1 | |
| Potion of Mana | 1 | |
4 total
team 2 (loser)

»
orfeo_2 (
red | 45 APM | 1392 actions | 31:01)
7 Death Knight
3 Death Coil
2 Unholy Aura
1 Death Pact
1 Animate Dead
7 Dark Ranger
3 Black Arrow
2 Silence
1 Charm
1 Life Drain
» actions
| Build / train | 65 | |
| Enter build submenu | 18 | |
| Enter hero's abilities submenu | 15 | |
| Give item / drop item | 3 | |
| Remove unit from queue | 1 | |
| Right click | 765 | |
| Select / deselect | 447 | |
| Use ability | 78 | |
1392 total
» units
| Acolyte | 6 | |
| Ghoul | 4 | |
| Crypt Fiend | 6 | |
| Gargoyle | 9 | |
| Frost Wyrm | 7 | |
32 total
» upgrades
| Creature Attack | 1 | |
| Creature Carapace | 1 | |
| Web | 1 | |
| Freezing Breath | 1 | |
4 total
» buildings
| Ziggurat | 7 | |
| Crypt | 1 | |
| Altar of Darkness | 1 | |
| Graveyard | 1 | |
| Tomb of Relics | 1 | |
| Nerubian Tower | 1 | |
| Halls of the Dead | 1 | |
| Spirit Tower | 3 | |
| Sacrificial Pit | 1 | |
| Black Citadel | 1 | |
| Boneyard | 2 | |
20 total
» build order
00:12 Ziggurat
00:19 Crypt
00:38 Altar of Darkness
01:04 Graveyard
01:31 Ziggurat
01:59 Tomb of Relics
02:29 Nerubian Tower
03:58 Halls of the Dead
04:17 Ziggurat
04:27 Ziggurat
06:12 Spirit Tower
07:23 Sacrificial Pit
07:34 Black Citadel
07:51 Ziggurat
10:08 Boneyard
10:11 Boneyard
10:14 Ziggurat
14:18 Ziggurat
22:27 Spirit Tower
22:49 Spirit Tower
» items
| Rod of Necromancy | 1 | |
| Potion of Mana | 1 | |
| Scroll of Town Portal | 1 | |
| Potion of Healing | 2 | |
| Lesser Clarity Potion | 2 | |
7 total

»
GOVERNAL (
teal | 27 APM | 837 actions | 30:57)
5 Dreadlord
3 Vampiric Aura
2 Carrion Swarm
3 Death Knight
1 Death Coil
2 Unholy Aura
» actions
| Basic commands | 3 | |
| Build / train | 66 | |
| Enter build submenu | 20 | |
| Enter hero's abilities submenu | 8 | |
| Right click | 409 | |
| Select / deselect | 287 | |
| Use ability | 44 | |
837 total
» units
| Acolyte | 4 | |
| Ghoul | 3 | |
| Crypt Fiend | 24 | |
| Giant Sea Turtle | 1 | |
| Gargoyle | 3 | |
35 total
» upgrades
» buildings
| Altar of Darkness | 1 | |
| Ziggurat | 10 | |
| Crypt | 2 | |
| Graveyard | 1 | |
| Tomb of Relics | 1 | |
| Halls of the Dead | 1 | |
| Spirit Tower | 2 | |
| Nerubian Tower | 3 | |
21 total
» build order
00:10 Altar of Darkness
00:14 Ziggurat
00:27 Crypt
00:58 Graveyard
01:27 Ziggurat
01:55 Tomb of Relics
02:19 Ziggurat
03:41 Crypt
05:34 Halls of the Dead
07:52 Spirit Tower
07:55 Nerubian Tower
14:48 Ziggurat
17:44 Ziggurat
17:47 Ziggurat
17:48 Ziggurat
22:28 Ziggurat
23:59 Nerubian Tower
24:03 Ziggurat
24:18 Ziggurat
26:22 Spirit Tower
26:26 Nerubian Tower
» items
| Scroll of Town Portal | 5 | |
| Potion of Healing | 2 | |
| Orb of Lightning | 1 | |
| Potion of Mana | 1 | |
9 total
SleuthfulLoki (
pink | 31 APM | 824 actions | 26:24)
5 Keeper of the Grove
3 Force of Nature
2 Entangling Roots
» actions
| Basic commands | 43 | |
| Build / train | 60 | |
| Enter build submenu | 18 | |
| Enter hero's abilities submenu | 5 | |
| Remove unit from queue | 1 | |
| Right click | 361 | |
| Select / deselect | 298 | |
| Use ability | 38 | |
824 total
» units
| Wisp | 14 | |
| Archer | 7 | |
| Huntress | 2 | |
| Dryad | 11 | |
| Mountain Giant | 2 | |
36 total
» upgrades
| Strength of the Wild | 3 | |
| Reinforced Hides | 3 | |
| Strength of the Moon | 2 | |
| Moon Armor | 2 | |
| Abolish Magic | 1 | |
| Hardened Skin | 1 | |
| Resistant Skin | 1 | |
13 total
» buildings
| Moon Well | 12 | |
| Ancient of War | 1 | |
| Altar of Elders | 1 | |
| Hunter's Hall | 1 | |
| Ancient of Wonders | 2 | |
| Tree of Ages | 1 | |
| Ancient of Lore | 2 | |
| Tree of Eternity | 1 | |
| Tree of Life | 2 | |
23 total
» build order
00:09 Moon Well
00:15 Ancient of War
00:19 Altar of Elders
02:11 Moon Well
03:19 Hunter's Hall
03:30 Ancient of Wonders
05:52 Tree of Ages
06:18 Moon Well
06:29 Moon Well
07:51 Moon Well
09:01 Ancient of Lore
09:02 Ancient of Lore
09:06 Tree of Eternity
10:24 Moon Well
12:01 Moon Well
12:54 Ancient of Wonders
13:51 Moon Well
13:54 Moon Well
20:19 Tree of Life
21:02 Moon Well
21:04 Moon Well
21:13 Moon Well
25:02 Tree of Life
» items

»
mark1972 (
green | 82 APM | 2541 actions | 30:57)
7 Tauren Chieftain
3 War Stomp
3 Endurance Aura
1 Reincarnation
1 Keeper of the Grove
1 Thorns Aura
» actions
| Build / train | 108 | |
| Enter build submenu | 13 | |
| Enter hero's abilities submenu | 8 | |
| Give item / drop item | 5 | |
| Remove unit from queue | 1 | |
| Right click | 1827 | |
| Select / deselect | 405 | |
| Use ability | 174 | |
2541 total
» units
| Peon | 19 | |
| Troll Headhunter/Berserker | 38 | |
| Shaman | 16 | |
73 total
» upgrades
| Spiked Barricades | 3 | |
| Troll Regeneration | 1 | |
| Shaman Training | 2 | |
| Ranged Weapons | 2 | |
| Armor | 1 | |
| Berserker Upgrade | 1 | |
| Reinforced Defenses | 1 | |
11 total
» buildings
| Orc Burrow | 7 | |
| Altar of Storms | 1 | |
| Barracks | 2 | |
| War Mill | 1 | |
| Voodoo Lounge | 1 | |
| Watch Tower | 3 | |
| Stronghold | 1 | |
| Fortress | 1 | |
| Spirit Lodge | 1 | |
| Great Hall | 1 | |
19 total
» build order
00:24 Orc Burrow
00:53 Altar of Storms
01:08 Barracks
01:18 War Mill
02:02 Orc Burrow
02:29 Voodoo Lounge
02:38 Watch Tower
02:42 Watch Tower
02:44 Watch Tower
03:24 Stronghold
04:23 Barracks
05:04 Orc Burrow
05:06 Orc Burrow
05:46 Fortress
05:51 Spirit Lodge
12:45 Orc Burrow
12:45 Orc Burrow
12:46 Orc Burrow
21:45 Great Hall
» items
Chat log
(01:03 / Allies) Spleen-: units?
(01:08 / Allies) wesmoketrees: mele
(01:09 / Allies) wesmoketrees: priest
(01:13 / Allies) wesmoketrees: old school
(01:14 / Allies) Spleen-: k
(01:28 / Allies) wesmoketrees: paly
(01:32 / Allies) Spleen-: I'll get footies and later gryphons
(01:36 / Allies) Spleen-: plus bm harass
(01:37 / Allies) wesmoketrees: k
(04:13 / Allies) wesmoketrees: yellow u getting aura?
(05:42 / All) wesmoketrees: LKAG
(06:22 / Allies) Spleen-: inc
(06:33 / Allies) wesmoketrees: come oj
(06:37 / Allies) Spleen-: they will hit
(06:43 / Allies) wesmoketrees: one here
(06:53 / Allies) wesmoketrees: k sec
(07:36 / Allies) wesmoketrees: lets hit n run this guy
(07:37 / Allies) wesmoketrees: fuck with im
(07:43 / Allies) Spleen-: creep middle
(07:51 / Allies) Spleen-: imo
(08:05 / Allies) wesmoketrees: kill a well or two
(08:06 / Allies) wesmoketrees: bounce
(08:10 / Allies) wesmoketrees: b
(09:04 / Allies) wesmoketrees: they gonna hit maybe
(10:13 / Allies) Spleen-: counter
(10:25 / Allies) wesmoketrees: ya knights here
(10:30 / Allies) Spleen-: gryphons soon
(11:45 / All) wesmoketrees: im b
(11:47 / All) wesmoketrees: LOL
(11:57 / Allies) wesmoketrees: re hit
(12:17 / Allies) wesmoketrees: come on
(12:28 / Allies) wesmoketrees: yeloow wtf
(12:30 / Allies) Spleen-: creep middle
(12:35 / Allies) wesmoketrees: 11111111
(12:40 / Allies) wesmoketrees: down
(14:15 / Allies) wesmoketrees: play will hold
(14:19 / Allies) wesmoketrees: ;)
(14:54 / Allies) wesmoketrees: NEED AA
(15:10 / Allies) Spleen-: b
(15:12 / Allies) wesmoketrees: b
(15:12 / Allies) wesmoketrees: b
(15:13 / Allies) wesmoketrees: b
(15:37 / Allies) wesmoketrees: we good
(16:28 / Allies) wesmoketrees: NEED AA FUCK
(16:31 / Allies) wesmoketrees: OJ
(16:32 / Allies) wesmoketrees: WTF
(16:40 / Allies) wesmoketrees: tp
(16:49 / Allies) wesmoketrees: T\p
(16:51 / Allies) wesmoketrees: HORRIBLE BASE
(17:43 / Allies) wesmoketrees: HIT
(17:48 / Allies) Spleen-: check expos
(17:54 / Allies) wesmoketrees: no HIT
(17:55 / Allies) wesmoketrees: lol
(17:55 / Allies) Spleen-: maybe expoeed behind it
(17:56 / Allies) wesmoketrees: HIT
(17:57 / Allies) wesmoketrees: HIT
(19:26 / Allies) wesmoketrees: I JUST RSUREATCJ
(19:36 / Allies) wesmoketrees: MORON
(19:55 / Allies) wesmoketrees: b
(19:56 / Allies) wesmoketrees: ?
(21:13 / Allies) wesmoketrees: meet
(21:16 / Allies) Spleen-: k
(21:28 / Allies) datsgud: i sacked a piece lol
(22:46 / Allies) wesmoketrees: BB
(22:50 / Allies) wesmoketrees: YELLOW U FUCKING OROWNOWNOWm
(23:09 / Allies) wesmoketrees: YELLOW
(23:20 / Allies) wesmoketrees: QWE NEED AA FUCK
(23:43 / Allies) Spleen-: don't let them expo
(24:09 / Allies) wesmoketrees: im b
(24:43 / Allies) wesmoketrees: gold purple
(24:45 / Allies) wesmoketrees: pls
(24:54 / Allies) wesmoketrees: ty
(25:08 / Allies) Spleen-: tp
(26:21 / All) wesmoketrees: gg
(27:00 / Allies) Spleen-: ty for saving my expo! gj
(27:12 / All) datsgud: bromance
(27:58 / All) wesmoketrees: play is unfair
(28:11 / Allies) Spleen-: long distance mining
(28:12 / All) Spleen-: lol
(28:14 / All) Spleen-: just leave
(29:14 / Allies) wesmoketrees: i healed u lol
(29:45 / Allies) datsgud: units
(30:00 / Allies) datsgud: blue units
(30:08 / Allies) wesmoketrees: i am
(30:09 / Allies) wesmoketrees: moron
(30:24 / Allies) datsgud: units in my base
(30:35 / Allies) wesmoketrees: LOL>
(30:47 / All) Spleen-: leave faggots
(30:49 / All) Spleen-: you lost
(30:49 / All) wesmoketrees: GG
(30:52 / All) Spleen-: gg
(30:59 / All) datsgud: gg